 Dungeon Crawl Stone Soup version 0.21-a0-71-g5e5ddd2 (webtiles) character file.

352 Alarkh the Chopper (level 6, -2/47 HPs)
             Began as a Demonspawn Monk on June 19, 2017.
             Was a Believer of Okawaru.
             Slain by a troll (12 damage)
             ... on level 5 of the Dungeon.
             The game lasted 00:05:28 (5033 turns).

Alarkh the Chopper (Demonspawn Monk)                Turns: 5033, Time: 00:05:29

Health: -2/47      AC:  8    Str:  8    XL:     6   Next: 35%
Magic:  4/6        EV: 20    Int: 13    God:    Okawaru [**....]
Gold:   154        SH:  0    Dex: 21    Spells: 5/5 levels left

rFire    + . .     SeeInvis +   a - +0 war axe
rCold    . . .     Gourm    .   (no shield)
rNeg     . . .     Faith    .   n - +1 ring mail of the Harp {rElec Str-3 SInv Stlth+} (curse)
rPois    +         Spirit   .   (no helmet)
rElec    +         Reflect  .   (no cloak)
rCorr    .         Harm     .   k - +0 pair of gloves (curse)
MR       .....                  (no boots)
Stlth    +++++.....             (no amulet)
HPRegen  0.15/turn              t - ring of poison resistance
MPRegen  0.10/turn              o - ring of protection from fire

@: agile, heroism, very slightly contaminated
A: hooves 1, powered by death 1
a: Heroism, Renounce Religion


You were on level 5 of the Dungeon.
You worshipped Okawaru.
Okawaru was pleased with you.
You were not hungry.

You visited 1 branch of the dungeon, and saw 5 of its levels.

You collected 154 gold pieces.

Inventory:

Hand Weapons
 a - a +0 war axe (weapon)
 g - a +0 hand axe
Armour
 b - a +0 robe
 k - a cursed +0 pair of gloves (worn)
 m - a +2 pair of gloves
 n - the cursed +1 ring mail of the Harp (worn) {rElec Str-3 SInv Stlth+}
   (You found it on level 4 of the Dungeon)

   It affects your strength (-3).
   It insulates you from electricity.
   It lets you see invisible.
   It makes you more stealthy.
   It has a curse placed upon it.
 r - a +0 ring mail
Jewellery
 o - a ring of protection from fire (right hand)
 s - an uncursed ring of fire
 t - a ring of poison resistance (left hand)
Scrolls
 e - a scroll of identify
 i - 2 scrolls of fog
 q - a scroll of teleportation
Potions
 d - a potion of degeneration
 h - a potion of cancellation
 l - a potion of agility
Comestibles
 c - 2 bread rations
 f - a meat ration
 u - a royal jelly


   Skills:
 - Level 3.0(8.0) Fighting
 + Level 6.6(11.6) Axes
 - Level 2.6(7.6) Dodging
 - Level 1.7(6.7) Stealth


You had 5 spell levels left.
You didn't know any spells.

Dungeon Overview and Level Annotations

Branches:
Dungeon (5/15)
 Temple: D:4-7

Altars:
Gozag
Kikubaaqudgha
Okawaru
Xom


Innate Abilities, Weirdness & Mutations

You have large cloven feet.
You regenerate a little health from kills.


Message History

The troll is almost dead.
The troll barely misses you. The troll claws you! The troll misses you.
You hit the troll.
The troll is almost dead.
The troll bites you! The troll barely misses you. x2
You hit the troll but do no damage. Your kick misses the troll.
The troll is almost dead.
You flicker back into view.
The troll bites you. The troll claws you but does no damage.
The troll closely misses you.
You hit the troll but do no damage.
The troll is almost dead.
The troll bites you!
* * * LOW HITPOINT WARNING * * *
The troll claws you but does no damage. The troll misses you.
Okay, then.
Okay, then.
You gain the combat prowess of a mighty hero.
The troll bites you!
You die...

#.....#
#.....#
#$....#
##.....#
#......#
#.##.#<##
#.#.....####
#..........+
#...T@..####
#.....!##
#.#....#
#.#.##.#
#... ..#
###. ### #


You could see a troll.

Vanquished Creatures
  An ogre (D:4)
  A howler monkey (D:4)
  An orc priest (D:3)
  An orc wizard (D:4)
  A worker ant (D:4)
  6 adders
  2 oozes
  3 dart slugs
  A leopard gecko (D:3)
  7 orcs
  6 bats
  4 giant cockroaches
  12 goblins
  11 hobgoblins
  A jackal (D:3)
  8 kobolds
  A quokka (D:2)
  2 ball pythons
  2 frilled lizards
  A leopard gecko zombie (D:4)
  9 rats
81 creatures vanquished.

Notes
Turn   | Place    | Note
-------+----------+-------------------------------------------
     0 | D:1      | Alarkh the Demonspawn Monk began the quest for the Orb.
     0 | D:1      | Reached XP level 1. HP: 18/18 MP: 1/1
    82 | D:1      | Reached skill level 3 in Axes
   245 | D:1      | Gained mutation: You regenerate a little health from kills. [demonic ancestry]
   245 | D:1      | Reached XP level 2. HP: 14/24 MP: 2/2
  1142 | D:1      | Gained mutation: You have large cloven feet. [demonic ancestry]
  1142 | D:1      | Reached XP level 3. HP: 29/29 MP: 3/3
  1740 | D:2      | Reached skill level 4 in Axes
  1742 | D:2      | Found an opulent altar of Gozag.
  2248 | D:2      | Reached XP level 4. HP: 21/35 MP: 4/4
  2625 | D:2      | Found an ancient bone altar of Kikubaaqudgha.
  3263 | D:3      | Found an iron altar of Okawaru.
  3314 | D:3      | Became a worshipper of Warmaster Okawaru
  3314 | D:3      | Reached * piety under Okawaru
  3314 | D:3      | Reached ** piety under Okawaru
  3629 | D:3      | Reached skill level 5 in Axes
  3964 | D:4      | Found a shimmering altar of Xom.
  3987 | D:4      | Reached XP level 5. HP: 30/41 MP: 5/5
  4514 | D:4      | Reached skill level 6 in Axes
  4514 | D:4      | Reached XP level 6. HP: 42/47 MP: 6/6
  4971 | D:4      | Got a smelly ring mail
  4982 | D:4      | Identified the cursed +1 ring mail of the Harp {rElec Str-3 SInv Stlth+} (You found it on level 4 of the Dungeon)
  5011 | D:5      | Entered Level 5 of the Dungeon
  5011 | D:5      | Noticed a troll
  5033 | D:5      | Slain by a troll

Vault maps used:
D:1:      sevenhm_arrival_forest_fort_large_2, serial_forest,
          infiniplex_forest_clump_diagonal, infiniplex_forest_corner_1,
          infiniplex_forest_clump_tiny, infiniplex_forest_clump_C,
          infiniplex_forest_clump_small
D:2:      kiku_gazebo_pond_becter, overflow_temple_1_default, first_bread
D:3:      okawaru_gym_becter, hangedman_abyss_or_decor_lesser_grid,
          kennysheep_another_room
D:4:      xom_teletrap_fun

Skill      XL: |  1  2  3  4  5 |
---------------+----------------+-----
Axes           | 3 4 5 6 |  6.6
Fighting       | |  3.0
Dodging        | |  2.6
Stealth        | |  1.7

Action                   |  1- 3 |  4- 6 || total
-------------------------+-------+-------++-------
Melee: Hand axe          |   131 |   143 ||   274
       Kick              |    13 |    45 ||    58
       War axe           |       |    47 ||    47
Invok: Heroism           |       |     3 ||     3
  Use: Scroll            |     1 |     6 ||     7
       Potion            |     1 |     6 ||     7
 Stab: Sleeping          |     6 |     4 ||    10
       Invisible         |       |     2 ||     2
  Eat: Chunk             |     4 |     9 ||    13
Armor: Robe              |    21 |       ||    21
       Ring mail         |       |    58 ||    58
Dodge: Dodged            |    78 |   134 ||   212
